 Dungeon Crawl Stone Soup version 0.13.0-19-g8e0b589 (webtiles) character file.

557 Malachi the Cutter (level 6, -6/39 (41) HPs)
             Began as a Vampire Enchanter on Oct 24, 2013.
             Was an Initiate of Okawaru.
             Killed by divine providence
             ... invoked by an orc priest
              (11 damage)
             ... on Level 4 of the Dungeon.
             The game lasted 00:08:29 (5808 turns).

Malachi the Cutter (Vampire Enchanter)              Turns: 5808, Time: 00:08:29

HP  -6/39 (41)   AC  5     Str  4 (7)  XL: 6   Next: 63%
MP   6/10        EV 12     Int 19      God: Okawaru [......]
Gold 134         SH  0     Dex 13 (14) Spells:  3 memorised,  1 level left

Res.Fire  : . . .   See Invis. : +   e - +0,+1 short sword (speed)
Res.Cold  : + + .   Warding    : .   b - +1 robe
Life Prot.: + + +   Conserve   : .   (no shield)
Res.Poison: +       Res.Corr.  : .   (no helmet)
Res.Elec. : .       Clarity    : .   q - +0 orc cloak
Sust.Abil.: . .     Spirit.Shd : .   (no gloves)
Res.Mut.  : .       Stasis     : .   i - +0 pair of boots
Res.Rott. : +       Flight     : .   (no amulet)
Saprovore : . . .                    (no ring)
                                     (no ring)

@: non-regenerating, slightly resistant to hostile enchantments, stealthy
A: bottle blood, fangs 3, see invisible, unbreathing
a: Bat Form, Bottle Blood, Renounce Religion


You were on level 4 of the Dungeon.
You worshipped Okawaru.
Okawaru was noncommittal.
You were bloodless.

You visited 2 branches of the dungeon, and saw 6 of its levels.

You collected 114 gold pieces.

Inventory:

Hand weapons
 a - a cursed +1,+1 dagger {=f}
 e - a +0,+1 short sword of speed (weapon)
 l - a +1,+2 dagger of draining
Missiles
 d - 12 darts (quivered)
Armour
 b - a +1 robe (worn)
 i - a +0 pair of boots (worn)
 q - a +0 orcish cloak (worn)
Scrolls
 h - 3 scrolls of remove curse
 j - a scroll of teleportation
 o - 3 scrolls of identify {unknown}
 p - 2 scrolls of blinking {unknown}
 s - a scroll of fog
Potions
 k - a potion of mutation
 m - 2 potions of poison
Books
 c - a book of Maledictions

   Spells                             Type                      Level
   *Corona                            Hexes                        1
   Sure Blade                         Hexes/Charms                 2
   *Ensorcelled Hibernation           Hexes/Ice                    2
   *Confuse                           Hexes                        3
   Enslavement                        Hexes                        4
   Invisibility                       Hexes                        6
 r - a book of Ice

   Spells                             Type                      Level
   Freezing Aura                      Charms/Ice                   2
   *Ensorcelled Hibernation           Hexes/Ice                    2
   Ozocubu's Refrigeration            Ice                          6
   Bolt of Cold                       Conjuration/Ice              6
   Freezing Cloud                     Conjuration/Ice/Air          6
   Metabolic Englaciation             Hexes/Ice                    6
   Simulacrum                         Ice/Necromancy               6


   Skills:
 - Level 0.6 Fighting
 * Level 7.3 Short Blades
 - Level 0.7 Throwing
 - Level 2.1 Dodging
 - Level 3.0 Stealth
 - Level 1.0 Spellcasting
 - Level 4.4 Hexes
 - Level 1.3 Ice Magic


You had one spell level left.
You knew the following spells:

 Your Spells              Type           Power        Failure   Level  Hunger
a - Corona                Hex            ###....      3%          1    ##.....
b - Ensorcelled Hibernat  Hex/Ice        ##....       10%         2    ###....
c - Confuse               Hex            ###.....     12%         3    ####...


Dungeon Overview and Level Annotations

Branches:
Dungeon (5/27)             Temple (1/1) D:4

Altars:
Ashenzari
Cheibriados
Elyvilon
Fedhas
Kikubaaqudgha
Makhleb
Nemelex Xobeh
Okawaru
Sif Muna
Trog
Vehumet
Xom
Yredelemnul
Zin
the Shining One


Innate Abilities, Weirdness & Mutations

You do not heal naturally.
You can bottle blood from corpses.
You have razor-sharp teeth.*
You have supernaturally acute eyesight.
You can survive without breathing.*


Message History

Confirm with . or Enter, or press ? or * to list all spells.
Aiming: Confuse
Press: ? - help, Shift-Dir - straight line, f - orc priest
Aim: an orc priest, wielding an orcish mace
Okay, then.
Casting: Confuse
Confirm with . or Enter, or press ? or * to list all spells.
Aiming: Ensorcelled Hibernation
Press: ? - help, Shift-Dir - straight line, f - orc priest
Aim: an orc priest, wielding an orcish mace The orc priest resists.
The orc priest closely misses you.
Casting: Ensorcelled Hibernation
Confirm with . or Enter, or press ? or * to list all spells.
Aiming: Ensorcelled Hibernation
Press: ? - help, Shift-Dir - straight line, f/p - orc priest
Aim: an orc priest, wielding an orcish mace The orc priest easily resists.
The orc priest mumbles some strange prayers to Beogh against you.
Something smites you!
You die...

...##............#####.### #.
...##........(....)......#######.
..)#.....................##......
...[)......#####...o.............
...#...#...## #..o......##......
...#.⌠.#....####.........##......
.###...###...............##......
...........#####o#####.####......
..⌠..>..⌠..##...@# #.####.....<
...........##....# #...........
.###...###.##....# ######......
...#.⌠.#...##....# #......#
...#...#....#....# #.......
............#....# #.......
..[....###..#....# #[..(...
..>...^# #.##....# #####.#.
..(....###.##...>#############.#.


You could see 2 orc priests and an orc.

Vanquished Creatures
  Menkaure (D:4)
  An ogre (D:4)
  A gnoll shaman (D:4)
  A hound (D:4)
  3 gnolls (D:4)
  A worker ant (D:4)
  4 adders
  2 worms (D:3)
  4 giant geckos
  An ooze (D:2)
  6 bats
  A bat skeleton (D:4)
  6 giant cockroaches
  12 goblins
  10 hobgoblins
  8 kobolds
  A quokka (D:4)
  A ball python (D:2)
  A giant gecko skeleton (D:4)
  6 giant newts
  3 jackals
  12 orcs
  10 rats
96 creatures vanquished.

Notes
Turn   | Place    | Note
--------------------------------------------------------------
     0 | D:1      | Malachi, the Vampire Enchanter, began the quest for the Orb.
     0 | D:1      | Reached XP level 1. HP: 13/13 MP: 4/4
   161 | D:1      | Reached XP level 2. HP: 10/19 MP: 3/5
  1058 | D:2      | Reached XP level 3. HP: 21/24 MP: 6/6
  1401 | D:2      | Learned a level 2 spell: Ensorcelled Hibernation
  2066 | D:3      | Reached XP level 4. HP: 30/30 MP: 8/8
  2945 | D:4      | Found a staircase to the Ecumenical Temple.
  2961 | Temple   | Entered the Ecumenical Temple
  3107 | Temple   | Became a worshipper of Warmaster Okawaru
  3157 | D:4      | Reached skill level 5 in Short Blades
  3157 | D:4      | Reached XP level 5. HP: 35/35 MP: 6/9
  3338 | D:4      | Reached skill level 6 in Short Blades
  3594 | D:4      | Noticed an ogre
  4312 | D:4      | Killed an ogre
  4312 | D:4      | Reached XP level 6. HP: 41/41 MP: 1/10
  4396 | D:4      | Noticed Menkaure
  4421 | Temple   | Learned a level 3 spell: Confuse
  4636 | D:4      | Killed Menkaure
  4636 | D:4      | Reached skill level 7 in Short Blades
  4636 | D:4      | Reached skill level 1 in Ice Magic
  4730 | D:4      | Noticed a phantom
  4875 | D:5      | Entered Level 5 of the Dungeon
  5808 | D:4      | Killed from afar by an orc priest

Action                   |  1- 3 |  4- 6 || total
-------------------------+-------+-------++-------
Melee: Dagger            |   163 |    95 ||   258
       Short sword       |       |    59 ||    59
 Cast: Corona            |    12 |    21 ||    33
       Ensorcelled Hiber |       |    13 ||    13
       Confuse           |       |     6 ||     6
 Abil: End Transformatio |       |     3 ||     3
       Bat Form          |       |     3 ||     3
  Use: Scroll            |     6 |       ||     6
       Potion            |       |     5 ||     5
 Stab: Sleeping          |     6 |     7 ||    13
       Confused          |       |     1 ||     1
